 Dungeon Crawl Stone Soup version 0.18-a0-1626-g65af6d3 (webtiles) character file.

84 Leszczynek the Cudgeler (level 4, -4/31 HPs)
             Began as an Octopode Fighter on Mar 25, 2016.
             Was an Initiate of Gozag.
             Slain by a river rat (9 damage)
             ... on level 2 of the Dungeon.
             The game lasted 00:03:45 (1837 turns).

Leszczynek the Cudgeler (Octopode Fighter)          Turns: 1837, Time: 00:03:46

Health: -4/31      AC:  1    Str: 15    XL:     4   Next: 46%
Magic:  4/4        EV: 11    Int: 10    God:    Gozag
Gold:   60         SH:  9    Dex: 12    Spells: 0 memorised, 3 levels left

rFire  + . .     SeeInvis .     a - +0 flail
rCold  . . .     Gourm    .     b - +0 shield
rNeg   . . .     Faith    .     (helmet restricted)
rPois  .         Spirit   .     (no amulet)
rElec  .         Dismiss  .     h - ring of protection from fire
rCorr  .         Reflect  .     (no ring)
SustAt .         Harm     .     (no ring)
MR     .....                    (no ring)
Stlth  ++........               (no ring)
                                (no ring)
                                (no ring)
                                (no ring)

@: not resistant to hostile enchantments, unstealthy
A: almost no armour, amphibious, 8 rings, constrict 8, camouflage 1, gelatinous
body 1
a: Potion Petition, Call Merchant, Bribe Branch, Renounce Religion


You were on level 2 of the Dungeon.
You worshipped Gozag.
Gozag was noncommittal.
You were not hungry.

You visited 1 branch of the dungeon, and saw 3 of its levels.

You collected 67 gold pieces.
You paid 7 gold pieces to Gozag.

Inventory:

Hand Weapons
 a - a +0 flail (weapon)
Missiles
 g - 5 tomahawks (quivered)
Armour
 b - a +0 shield (worn)
Jewellery
 h - a ring of protection from fire (left tentacle)
Scrolls
 e - 3 scrolls of teleportation {unknown}
 f - a scroll of immolation {unknown}
 i - a scroll of remove curse {unknown}
 j - a scroll of enchant weapon {unknown}
 n - a scroll of blinking {unknown}
 o - 2 scrolls of identify {unknown}
Potions
 c - a potion of might
 k - a potion of flight {unknown}
 m - 2 potions of heal wounds {unknown}
 p - a potion of ambrosia {unknown}
 r - a potion of degeneration {unknown}
 s - a potion of cancellation {unknown}
Comestibles
 d - a bread ration
 q - a beef jerky


   Skills:
 - Level 3.0 Fighting
 * Level 3.8 Maces & Flails
 + Level 3.3 Dodging
 + Level 3.5 Shields


You had 3 spell levels left.
You didn't know any spells.

Dungeon Overview and Level Annotations

Branches:
Dungeon (3/15)

Altars:
Fedhas
Gozag
Kikubaaqudgha
Ru

Annotations:
D:2 exclusion: oklob plant


Innate Abilities, Weirdness & Mutations

You cannot wear most types of armour.
You are amphibious.
You can wear up to eight rings at the same time.
You can use your tentacles to constrict eight enemies at once.
Your skin changes colour to match your surroundings (Stealth).
Your rubbery body absorbs attacks (AC +1).


Message History

The river rat is lightly wounded.
You block the giant cockroach's attack. The rat misses you.
The river rat bites you.
* * * LOW HITPOINT WARNING * * *
The giant cockroach misses you.
You sock the river rat! Your grab misses the river rat.
The river rat is almost dead.
You block the rat's attack. You block the giant cockroach's attack.
The river rat closely misses you.
You closely miss the river rat. You grab the river rat.
You squeeze the river rat, but do no damage.
The river rat is almost dead.
You constrict the river rat, but do no damage.
The giant cockroach bites you.
* * * LOW HITPOINT WARNING * * *
The rat barely misses you. The river rat completely misses you.
The giant cockroach closely misses you. You block the rat's attack.
The river rat bites you!
You die...
Your body crumbles into a pile of gold.

......##.##......♣♣.♣♣##.#####.##
###.#.##....#.####....##.........
# #.#.#####.#.# #.#..########.##
#.#.#####.#.# #.#..# #.##
#...........####.#..# #.##
###.####..####......# #.##
#####.........[....##.# #<##
........##.....r.r....# ##.##
#######.##.#####@###### #..##
#.#.#.####s# #.### ##..###.....#
#.# # ##....#.####.############.#
# ##......## ##............#.# #
#.......# #...#########.#.###
#......## #....).............
####.#...## #...#########.#.###
.....##.## ##### #.#.#


You could see a river rat, a giant cockroach and a rat.

Vanquished Creatures
  A hound (D:3)
  3 adders (D:2)
  A ball python (D:3)
  4 giant cockroaches
  4 goblins
  5 hobgoblins
  4 bats
  A giant newt (D:1)
  3 kobolds (D:1)
  4 rats
  A plant (D:2)
31 creatures vanquished.

Vanquished Creatures (others)
  A fungus (D:2)
1 creature vanquished.

Grand Total: 32 creatures vanquished

Notes
Turn   | Place    | Note
--------------------------------------------------------------
     0 | D:1      | Leszczynek the Octopode Fighter began the quest for the Orb.
     0 | D:1      | Reached XP level 1. HP: 16/16 MP: 1/1
   299 | D:1      | Reached XP level 2. HP: 21/21 MP: 2/2
   834 | D:2      | Found a blossoming altar of Fedhas.
   854 | D:2      | Noticed an oklob plant
  1020 | D:2      | Reached XP level 3. HP: 26/26 MP: 3/3
  1179 | D:2      | Found a sacrificial altar of Ru.
  1179 | D:2      | Found an ancient bone altar of Kikubaaqudgha.
  1183 | D:2      | Found an opulent altar of Gozag.
  1241 | D:2      | Became a worshipper of Gozag Ym Sagoz the Greedy
  1707 | D:3      | Reached XP level 4. HP: 20/31 MP: 4/4
  1837 | D:2      | Slain by a river rat

Vault maps used:
D:1:      dpeg_arrival_court
D:2:      gammafunk_temple_overflow_forgotten, tgw_fedhas, serial_forest,
          infiniplex_forest_clump_long, infiniplex_forest_end_double,
          infiniplex_forest_lined_corner, infiniplex_forest_fountain,
          minmay_fountain_box, minmay_shallow_snake_nest
D:3:      wad_lake_hut, yredelemnul_forgotten_temple_becter,
          portal_sewer_entry_b, uniq_grinder

Skill      XL: |  1  2 |
---------------+-------+-----
Maces & Flails | 3 |  3.8
Fighting       | |  3.0
Dodging        | |  3.3
Shields        | |  3.5

Action                   |  1- 3 |  4- 6 || total
-------------------------+-------+-------++-------
Melee: Flail             |    65 |     9 ||    74
Throw: Tomahawk          |     5 |       ||     5
 Stab: Sleeping          |     3 |       ||     3
  Eat: Beef jerky        |     1 |       ||     1
       Chunk             |     1 |       ||     1
